Map: Orbital Shipyard

Players

SortOf - Winner!

  • Race: Zerg Zerg
  • League: Grandmaster

Probe

  • Race: Protoss Protoss

Event: DreamHack ROCCAT LotV Championship

VOD

Have the link to the VOD?

Description

Time

  • Played on: Nov. 26, 2015, 7:34 a.m.
  • Length: 7:09

All games in this series

Show
View Real Time Build Order
Export as new Build Order

SortOf Zerg - Winner!

Build Orders: 3 Hatch before Pool 

Get SALT Encoding   

  12  0:01  Drone  
  13  0:12  Overlord  
  13  0:17  Drone  
  14  0:30  Drone  
  14  0:31  Drone  
  16  0:36  Drone  
  17  0:45  Drone  
  18  0:55  Drone  
  19  1:00  Hatchery  
  18  1:20  Hatchery  
  18  1:23  Drone  
  18  1:26  Drone  
  18  1:31  Drone  
  20  1:33  Extractor  
  19  1:45  Spawning Pool  
  18  1:49  Drone  
  18  1:51  Drone  
  20  2:03  Overlord  
  20  2:11  Drone  
  20  2:13  Drone  
  24  2:22  Drone x2  
  24  2:32  Queen  
  24  2:33  Zergling x4  
  24  2:36  Metabolic Boost  
  28  2:39  Zergling x2  
  28  2:44  Drone x2  
  31  2:50  Queen  
  33  3:00  Drone, Overlord  
  33  3:01  Drone x2  
  35  3:10  Queen  
  35  3:12  Zergling x4  
  39  3:17  Drone x2  
  41  3:22  Evolution Chamber  
  41  3:26  Zergling x2  
  41  3:27  Zergling x6  
  44  3:36  Queen  
  46  3:42  Roach Warren  
  46  3:43  Drone x2  
  46  3:47  Drone x2  
  49  3:51  Drone  
  50  3:58  Overlord  
  50  3:59  Zerg Melee Weapons Level 1  
  50  4:03  Extractor  
  50  4:05  Overlord x2  
  49  4:12  Drone  
  50  4:17  Drone x4, Spore Crawler  
  50  4:19  Zergling x2  
  50  4:23  Overlord  
  54  4:26  Roach  
  54  4:28  Roach  
  54  4:29  Drone  
  59  4:33  Drone  
  59  4:37  Drone x3  
  62  4:41  Overlord  
  62  4:43  Drone  
  63  4:51  Overlord  
  63  4:54  Roach x3  
  63  4:57  Overlord  
  63  4:58  Ravager  
  70  5:02  Drone x3, Extractor  
  70  5:06  Ravager  
  73  5:12  Overlord  
  73  5:14  Zergling x2  
  73  5:15  Zergling x10  
  79  5:25  Overlord  
  79  5:29  Drone  
  79  5:30  Drone x2  
  79  5:31  Roach x5  
  92  5:36  Overlord  
  92  5:43  Roach x2, Zergling x4  
  99  5:57  Roach x3, Zergling x6  
  99  6:01  Spine Crawler  
  103  6:05  Ravager  
  103  6:06  Zergling x2  
  103  6:07  Zergling x12  
  103  6:09  Overlord  
  111  6:15  Roach, Zergling x2  
  113  6:20  Ravager  
  113  6:21  Zergling x2  
  113  6:30  Roach x3  
  113  6:31  Overlord  
  119  6:33  Roach, Zergling x6  
  124  6:44  Roach x4  
  111  6:47  Roach  
  111  6:49  Zergling x2  
Show
View Real Time Build Order
Export as new Build Order

Probe Protoss 

Build Orders: 1 Gate Expand 

Get SALT Encoding   

  12  0:01  Probe (Chrono Boost)  
  13  0:11  Probe (Chrono Boost)  
  14  0:21  Pylon  
  14  0:22  Probe (Chrono Boost)  
  15  0:39  Gateway, Probe (Chrono Boost)  
  16  0:47  Assimilator  
  17  0:50  Probe (Chrono Boost)  
  17  1:00  Probe (Chrono Boost)  
  18  1:17  Nexus  
  18  1:21  Probe (Chrono Boost)  
  19  1:31  Probe (Chrono Boost)  
  20  1:34  Cybernetics Core  
  20  1:42  Probe (Chrono Boost)  
  20  1:43  Assimilator  
  21  1:52  Probe (Chrono Boost)  
  22  1:55  Pylon  
  22  2:03  Probe (Chrono Boost)  
  23  2:11  Warp Gate  
  23  2:13  Probe, Adept (Chrono Boost)  
  26  2:26  Probe (Chrono Boost)  
  27  2:30  Probe (Chrono Boost)  
  27  2:36  Adept  
  30  2:38  Mothership Core (Chrono Boost)  
  30  2:41  Probe (Chrono Boost)  
  33  2:52  Probe (Chrono Boost), Robotics Facility  
  33  2:56  Probe (Chrono Boost)  
  35  3:02  Probe (Chrono Boost)  
  36  3:07  Probe (Chrono Boost)  
  37  3:13  Probe (Chrono Boost)  
  37  3:17  Probe (Chrono Boost)  
  39  3:23  Probe (Chrono Boost)  
  39  3:25  Pylon  
  40  3:28  Sentry, Probe (Chrono Boost)  
  40  3:33  Probe (Chrono Boost)  
  43  3:38  Probe (Chrono Boost)  
  44  3:43  Probe, Immortal (Chrono Boost)  
  44  3:44  Pylon  
  49  3:51  Probe  
  49  3:52  Twilight Council  
  49  3:53  Probe  
  49  3:59  Pylon  
  49  4:06  Gateway  
  49  4:09  Gateway  
  49  4:12  Gateway  
  53  4:18  Immortal (Chrono Boost), Gateway  
  53  4:24  Gateway  
  53  4:35  Adept  
  55  4:50  Warp Prism (Chrono Boost)  
  55  4:53  Charge (Chrono Boost)  
  57  5:01  Gateway, Pylon  
  57  5:03  Gateway  
  57  5:04  Gateway  
  57  5:05  Zealot  
  59  5:11  Zealot x2  
  63  5:15  Pylon  
  63  5:18  Zealot  
  63  5:19  Zealot  
  67  5:29  Pylon  
  67  5:32  Pylon  
  67  5:40  Zealot x4  
  67  5:41  Sentry  
  75  6:07  Zealot x5  
  75  6:08  Sentry x2  
  75  6:10  Zealot  
  89  6:21  Zealot x2  
  91  6:30  Zealot x5  
  97  6:43  Zealot x4  
  81  6:53  Zealot  
  81  6:54  Zealot x2  

Tags
 
Add a new tag
Caveats
  • Supply blocks, unpowered buildings, or Contaminate may cause inaccurate times.
  • Supply counts are checked every 10 seconds.